 Dungeon Crawl Stone Soup version 0.31-a0-965-g8a8ce12e04 (webtiles) character file.

Game seed: 8675741975356864036

810 MacCMillion the Ruffian (level 7, -1/69 HPs)
             Began as an Octopode Shapeshifter on Oct 26, 2023.
             Slain by a scorpion (3 damage)
             ... on level 6 of the Dungeon.
             The game lasted 00:07:57 (4673 turns).

MacCMillion the Ruffian (Octopode Shapeshifter)     Turns: 4673, Time: 00:07:57

Health: -1/69      AC: 23    Str: 14 (16) XL:     7   Next: 92%
Magic:  7/7        EV:  2    Int:  9 (12) God:
Gold:   295        SH:  0    Dex:  9 (11) Spells: 6/6 levels left

rFire   + .          .
                       - Unarmed
rCold   + . .        (no shield)
rNeg    + . .        (helmet currently unavailable)
rPois   +            (no amulet)
rElec   +            e - ring of see invisible
rCorr   +            x - ring of positive energy
SInv    +            (no ring)
Will    .....        (no ring)
Stlth   ++           (no ring)
HPRegen 0.31/turn    (no ring)
MPRegen 0.10/turn    (no ring)
                     (no ring)

%: no passive effects
@: lethally poisoned (-1 -> -13), tree-form, resistant
A: stationary, stasis, torment immunity, boosted hp, almost no armour,
(amphibious), 8 rings, (camouflage 1), (gelatinous body 1), (nimble swimmer 1),
(tentacles)
a: no special abilities


You were on level 6 of the Dungeon.
You were a tree.
You visited 2 branches of the dungeon, and saw 7 of its levels.

You collected 295 gold pieces.

Inventory:

Missiles
 k - 2 curare-tipped darts
 q - 6 poisoned darts
Jewellery
 e - a ring of see invisible (left branch)
 x - a ring of positive energy (right branch)
 z - a ring of poison resistance
Talismans
 b - a beast talisman
 c - a flux talisman
Wands
 v - a wand of roots (6)
 w - a wand of flame (28)
Scrolls
 f - 2 scrolls of identify {unknown}
 g - a scroll of summoning {unknown}
 l - 2 scrolls of revelation {unknown}
 n - 2 scrolls of brand weapon {unknown}
 p - 2 scrolls of teleportation {unknown}
 r - a scroll of enchant weapon {unknown}
 u - 3 scrolls of poison {unknown}
 y - a scroll of enchant armour {unknown}
 C - a scroll of immolation {unknown}
Potions
 d - a potion of brilliance {unknown}
 h - a potion of degeneration
 i - a potion of might {unknown}
 j - 3 potions of resistance
 m - 3 potions of haste {unknown}
 o - a potion of enlightenment {unknown}
 s - a potion of attraction {unknown}
 t - a potion of invisibility {unknown}
 A - a potion of heal wounds {unknown}
 B - a potion of mutation {unknown}
 D - a potion of curing {unknown}


   Skills:
 + Level 3.5 Fighting
 + Level 3.9 Dodging
 - Level 4.0 Stealth
 * Level 6.0 Unarmed Combat
 + Level 4.3 Shapeshifting


You had 6 spell levels left.
You didn't know any spells.
Your spell library contained the following spells:

 Spells                   Type           Power      Damage    Failure   Level
 Inner Flame              Hex/Fire       0%         N/A       77%         3
 Stone Arrow              Conj/Erth      0%         3d7       77%         3
 Flame Wave               Conj/Fire      0%         2d4       99%         4
 Sticky Flame             Conj/Fire      0%         2d3       99%         4
 Alistair's Intoxication  Tmut/Pois      0%         N/A       100%        5
 Borgnjor's Vile Clutch   Necr/Erth      0%         N/A       100%        5
 Eringya's Noxious Bog    Tmut/Pois      0%         4d6       100%        6
 Lehudib's Crystal Spear  Conj/Erth      0%         10d2      100%        8
 Animate Armour           Summ/Erth      Unusable   N/A       N/A         4

Dungeon Overview and Level Annotations

Branches:
Dungeon (6/15)             Temple (1/1) D:4

Altars:
Ashenzari
Cheibriados
Dithmenos
Elyvilon
Hepliaklqana
Kikubaaqudgha
Makhleb
Nemelex Xobeh
Okawaru
Qazlal
Ru
Sif Muna
Uskayaw
Vehumet
Yredelemnul

Shops:
D:3 [

Annotations:
D:2 1 runed translucent door, Crazy Yiuf
D:3 1 transporter, ongoing's ghost, amateur GnAr


Innate Abilities, Weirdness & Mutations

You are a tree.
Your roots penetrate the ground, keeping you stationary.
You cannot be teleported.
You are immune to unholy pain and torment.
Your maximum health is greatly increased.
You cannot wear most types of armour.
((You are amphibious.))
You can wear up to eight rings at the same time.
((Your skin changes colour to match your surroundings (Stealth+).))
((Your rubbery body absorbs attacks. (AC +1, EV +1)))
((You are camouflaged when in or above water. (Stealth+)))
((You have tentacles for arms and can constrict up to eight enemies at once.))


Message History

The scorpion stings you. x2
You tentacle-slap the scorpion.
The scorpion is moderately wounded.
You constrict the scorpion, but do no damage.
You feel very sick. The scorpion stings you.
You are more poisoned.
The scorpion poisons you!
You barely miss the scorpion.
The scorpion is moderately wounded.
You constrict the scorpion, but do no damage.
You feel very sick. The scorpion barely misses you.
You tentacle-slap the scorpion.
The scorpion is moderately wounded.
You constrict the scorpion.
You feel very sick. The scorpion stings you!
It was a potion of degeneration.
There was something very wrong with that liquid.
You feel weakened.
You feel dopey.
You feel clumsy.
You constrict the scorpion.
* * * LOW HITPOINT WARNING * * *
You feel very sick. The scorpion stings you.
* * * LOW HITPOINT WARNING * * *
You are more poisoned.
The scorpion poisons you!
Your transformation has ended.
You turn into a tree.
Your roots penetrate the ground.
You lose your grip on the scorpion.
* * * LOW HITPOINT WARNING * * *
You feel very sick.
The scorpion stings you but does no damage.
It was a potion of resistance.
You feel protected.
* * * LOW HITPOINT WARNING * * *
You feel very sick. The scorpion stings you.
You die...

.. ..##### #....# #....# #....#
#+###....#############
..............................#
...............s♣.............#
..............................#
...................[.........#
##......#####.....#######.....#
.#......# #....[# +.....#
.#......# #.....# #.....#
.+......# #.....# #.....#
'#......#####.....# ##+#.....#
..............[..# #....#####


You could see a scorpion.

Vanquished Creatures
  Sigmund (D:3)
  A phantom (D:4)
  A kobold brigand (D:6)
  A scorpion (D:4)
  3 hounds
  A sleepcap (D:4)
  An iguana (D:6)
  2 orc wizards (D:4)
  3 gnolls (D:5)
  10 adders
  A white imp (D:5)
  A worm (D:3)
  3 dart slugs
  10 orcs
  8 endoplasms
  A giant cockroach (D:2)
  13 goblins
  8 hobgoblins
  8 jackals
  2 quokkas
  12 ball pythons
  8 bats
  A frilled lizard (D:2)
  16 kobolds
  9 rats
125 creatures vanquished.

Notes
Turn   | Place    | Note
-------+----------+-------------------------------------------
     0 | D:1      | MacCMillion the Octopode Shapeshifter began the quest for
                  | the Orb.
     0 | D:1      | Reached XP level 1. HP: 13/13 MP: 1/1
   114 | D:1      | Reached XP level 2. HP: 15/18 MP: 2/2
   266 | D:1      | Reached skill level 1 in Stealth
   266 | D:1      | Reached XP level 3. HP: 13/23 MP: 3/3
   853 | D:2      | Reached XP level 4. HP: 29/29 MP: 4/4
  1136 | D:2      | Reached skill level 4 in Unarmed Combat
  1587 | D:2      | Found a runed translucent door.
  1588 | D:2      | Noticed Crazy Yiuf
  1681 | D:3      | Noticed a phantom
  1760 | D:3      | Found a transporter.
  1760 | D:3      | Noticed ongoing's ghost (amateur GnAr)
  1783 | D:3      | Reached XP level 5. HP: 34/34 MP: 5/5
  1932 | D:3      | Noticed Sigmund
  1972 | D:3      | Killed Sigmund
  1973 | D:3      | Reached XP level 6. HP: 3/41 MP: 6/6
  2255 | D:3      | Found Ori Emob's Antique Armour Emporium.
  2624 | D:4      | Reached skill level 5 in Unarmed Combat
  2650 | D:4      | Found an ancient bone altar of Kikubaaqudgha.
  2866 | D:4      | Reached XP level 7. HP: 41/46 MP: 7/7
  3092 | D:4      | Found a staircase to the Ecumenical Temple.
  3171 | Temple   | Entered the Ecumenical Temple
  3485 | D:4      | Found a sacrificial altar of Ru.
  3486 | D:4      | Found a broken altar of Ashenzari.
  3488 | D:4      | Found a stormy altar of Qazlal.
  3488 | D:4      | Found an iron altar of Okawaru.
  3611 | D:5      | Entered Level 5 of the Dungeon
  4203 | D:6      | Identified the +12 spear of the Mashing Gods {freeze, rF+
                  | rC+ Str+2 Dex-4}
  4595 | D:6      | Reached skill level 6 in Unarmed Combat
  4673 | D:6      | HP: 2/69 [poisoned by a scorpion]
  4673 | D:6      | Slain by a scorpion

Illustrated notes

Levels and vault maps discovered:
D:1:      lightli_arrival_maybe_door_vault, layout_rooms
D:2:      layout_basic, minmay_snake_closets, uniq_crazy_yiuf_cottage
D:3:      minmay_door_path, layout_loops_ring, gammafunk_ghost_mausoleum,
          serial_shops, shop, minmay_circle_x, uniq_sigmund
D:4:      layout_loops_ring, lemuel_round_altar, mainiacjoe_overflow_alcove_3,
          minmay_temple_entry_statues_pillars, roderic_roman_lattice
D:5:      layout_basic, minmay_misc_feat_tiny
D:6:      layout_gridville, nicolae_ossuary_entry_false_entrances
Temple:   eino_temple_lava

Skill      XL: |  1  2  3  4  5  6  7 |
---------------+----------------------+-----
Stealth        | 1 2 3 4 |  4.0
Unarmed Combat | 4 5 6 |  6.0
Fighting       | 2 3 |  3.5
Dodging        | 3 |  3.9
Shapeshifting  | 4 |  4.3

Action                     |  1- 3 |  4- 6 |  7- 9 || total
---------------------------+-------+-------+-------++-------
  Melee: Unarmed           |    67 |   112 |    69 ||   248
         Constrict         |    16 |    28 |    16 ||    60
         Tentacles         |     7 |    28 |    16 ||    51
         Punch             |     1 |       |     2 ||     3
    Use: Potion            |       |       |     3 ||     3
   Stab: Sleeping          |     1 |    16 |     5 ||    22
 Armour: Skin              |    25 |    47 |    40 ||   112
  Dodge: Dodged            |    30 |    65 |    50 ||   145

Table legend: (Time is in decaauts)
 A = Elapsed time spent in this place.
 B = Non-inter-level travel time spent in this place.
 C = Inter-level travel time spent in this place.
 D = Time resting spent in this place.
 E = Time spent auto-exploring this place.
 F = Levels seen in this place.
 G = Mean time per level.
                   A        B        C        D        E       F      G
               +--------+--------+--------+--------+--------+-----+--------+
         Total |   4656 |   4461 |    195 |    928 |   2583 |   7 |  665.1 |
       Dungeon |   4649 |   4454 |    195 |    928 |   2583 |   6 |  774.8 |
        Temple |      6 |      6 |      0 |      0 |      0 |   1 |    6.0 |
               +--------+--------+--------+--------+--------+-----+--------+

Top non-repeatable levels by time:
     D:2: 1065 daAuts
     D:4: 984 daAuts
     D:3: 966 daAuts
     D:5: 766 daAuts
     D:1: 570 daAuts
     D:6: 296 daAuts
  Temple: 6 daAuts
